TOP OF THE 1ST |
Albuquerque Isotopes batting - Pitching for Calgary Cowboys : RHP Esteban Castro
|
Pitching: RHP Esteban Castro
|
|
Batting: RHB Gonzalo Gil
|
0-0: SINGLE (Line Drive, 6MD)
|
Batting: RHB Juan Vareas
|
0-0: Foul Ball, location: 2F 0-1: Ball 1-1: Ball Gonzalo Gil is caught stealing 2nd base 2-1: Called Strike 2-2: Foul Ball, location: 2F 2-2: SINGLE (Line Drive, 78S)
|
Batting: LHB Fernando Ortíz
|
0-0: Ball 1-0: Ball 2-0: SINGLE (Groundball, 34) (infield hit) Juan Vareas to second
|
Batting: RHB Will Lott
|
0-0: Ball 1-0: Foul Ball, location: 2F 1-1: Ground out 5-3 (Groundball, 5S) Juan Vareas to third Fernando Ortíz to second
|
Batting: LHB José González
|
0-0: Called Strike 0-1: Swinging Strike 0-2: SINGLE (Groundball, 3D) Juan Vareas scores Fernando Ortíz to third Runner from 3rd tries for Home, SAFE, no throw
|
Batting: RHB Brett Bell
|
0-0: Ball 1-0: Swinging Strike 1-1: Fly out, F7 (Flyball, 7S)
|
Top of the 1st over - 2 run(s), 4 hit(s), 0 error(s), 1 left on base; Albuquerque 2 - Calgary 0 |
BOTTOM OF THE 1ST |
Calgary Cowboys batting - Pitching for Albuquerque Isotopes : LHP Sean Perry
|
Pitching: LHP Sean Perry
|
|
Batting: RHB César Rodríguez
|
0-0: SOLO HOME RUN (Flyball, 7D), Distance : 375 ft
|
Batting: LHB Del Kennedy
|
0-0: Called Strike 0-1: Ball 1-1: Swinging Strike 1-2: Strikes out swinging
|
Batting: RHB Dan Wyatt
|
0-0: Ground out 5-3 (Groundball, 56S)
|
Batting: LHB Miguel Pérez
|
0-0: Ball 1-0: Ball 2-0: Called Strike 2-1: SINGLE (Line Drive, 9LS)
|
Batting: RHB Jorge Balencia
|
0-0: Ball 1-0: Fly out, F8 (Flyball, 8RS)
|
Bottom of the 1st over - 1 run(s), 2 hit(s), 0 error(s), 1 left on base; Albuquerque 2 - Calgary 1 |
TOP OF THE 2ND |
Albuquerque Isotopes batting - Pitching for Calgary Cowboys : RHP Esteban Castro
|
Batting: LHB Pedro Cruz
|
0-0: Swinging Strike 0-1: Foul Ball, location: 2F 0-2: SINGLE (Groundball, 6MD)
|
Batting: RHB Víctor Solano
|
0-0: Called Strike 0-1: Ball 1-1: Ball 2-1: Ball 3-1: Called Strike 3-2: Base on Balls Pedro Cruz to second
|
Batting: RHB Jesse McKnight
|
0-0: Ball 1-0: Ball 2-0: Fly out, F8 (Flyball, 89XD) Runner from 2nd tags up, SAFE at 3rd, no throw
|
Batting: RHB Gonzalo Gil
|
0-0: Foul Ball, location: 2F 0-1: Ball 1-1: Ball 2-1: Ball 3-1: Fielders Choice at 2nd, 6-4 (Groundball, 6) Pedro Cruz scores
|
Batting: RHB Juan Vareas
|
0-0: Called Strike 0-1: Ball 1-1: Ball 2-1: Called Strike 2-2: Fly out, F9 (Flyball, 9S)
|
Top of the 2nd over - 1 run(s), 1 hit(s), 0 error(s), 1 left on base; Albuquerque 3 - Calgary 1 |
BOTTOM OF THE 2ND |
Calgary Cowboys batting - Pitching for Albuquerque Isotopes : LHP Sean Perry
|
Batting: LHB Freddy Herrera
|
0-0: Ball 1-0: Ball 2-0: Ball 3-0: Called Strike 3-1: Foul Ball, location: 2F 3-2: Ground out 4-3 (Groundball, 4)
|
Batting: RHB Travis Colbert
|
0-0: Ball 1-0: Called Strike 1-1: Foul Ball, location: 2F 1-2: Ball 2-2: Strikes out swinging
|
Batting: RHB Shayne Burry
|
0-0: Ball 1-0: Swinging Strike 1-1: Ball 2-1: Swinging Strike 2-2: Foul Ball, location: 2F 2-2: Fly out, F7 (Flyball, 7S)
|
Bottom of the 2nd over - 0 run(s), 0 hit(s), 0 error(s), 0 left on base; Albuquerque 3 - Calgary 1 |
TOP OF THE 3RD |
Albuquerque Isotopes batting - Pitching for Calgary Cowboys : RHP Esteban Castro
|
Batting: LHB Fernando Ortíz
|
0-0: Called Strike 0-1: Foul Ball, location: 2F 0-2: Ball 1-2: Strikes out swinging
|
Batting: RHB Will Lott
|
0-0: Ball 1-0: Ball 2-0: Ball 3-0: Base on Balls
|
Batting: LHB José González
|
0-0: Ball 1-0: Called Strike 1-1: Swinging Strike 1-2: Ball 2-2: Fielders Choice at 2nd, 4-6 (Groundball, 4)
|
Batting: RHB Brett Bell
|
0-0: Called Strike 0-1: Called Strike 0-2: Strikes out looking
|
Top of the 3rd over - 0 run(s), 0 hit(s), 0 error(s), 1 left on base; Albuquerque 3 - Calgary 1 |
BOTTOM OF THE 3RD |
Calgary Cowboys batting - Pitching for Albuquerque Isotopes : LHP Sean Perry
|
Batting: RHB Mario Sánchez
|
0-0: SINGLE (Flyball, 8LS)
|
Batting: RHB César Rodríguez
|
0-0: Ball 1-0: Ball 2-0: Swinging Strike 2-1: Ball 3-1: Base on Balls Mario Sánchez to second
|
Batting: LHB Del Kennedy
|
0-0: Foul Ball, location: 2F 0-1: Ball 1-1: Ball 2-1: Ball 3-1: Base on Balls Mario Sánchez to third César Rodríguez to second
|
Batting: RHB Dan Wyatt
|
0-0: Foul Ball, location: 2F 0-1: Ball 1-1: Foul Ball, location: 2F 1-2: Ball 2-2: Foul Ball, location: 2F 2-2: Foul Ball, location: 2F 2-2: Ball 3-2: Foul Ball, location: 2F 3-2: Foul Ball, location: 2F 3-2: Foul Ball, location: 2F 3-2: Grounds into double play, 4-6-3 (Groundball, 34) Mario Sánchez scores César Rodríguez to third
|
Batting: LHB Miguel Pérez
|
0-0: SINGLE (Line Drive, 7S) César Rodríguez scores
|
Batting: RHB Jorge Balencia
|
0-0: Called Strike 0-1: Ground out U3 (Groundball, 3L)
|
Bottom of the 3rd over - 2 run(s), 2 hit(s), 0 error(s), 1 left on base; Albuquerque 3 - Calgary 3 |
TOP OF THE 4TH |
Albuquerque Isotopes batting - Pitching for Calgary Cowboys : RHP Esteban Castro
|
Batting: LHB Pedro Cruz
|
0-0: Ball 1-0: Called Strike 1-1: DOUBLE (Groundball, 5L)
|
Batting: RHB Víctor Solano
|
0-0: Ball 1-0: Fly out, F9 (Flyball, 9LS)
|
Batting: RHB Jesse McKnight
|
0-0: Ball 1-0: Called Strike 1-1: Swinging Strike 1-2: Fly out, F7 (Flyball, 7LMF)
|
Batting: RHB Gonzalo Gil
|
0-0: Foul Ball, location: 2F 0-1: Ball 1-1: Ball 2-1: Foul Ball, location: 2F 2-2: Foul Ball, location: 2F 2-2: Ball 3-2: Foul Ball, location: 2F 3-2: SINGLE (Groundball, 56) (infield hit) Pedro Cruz to third
|
Batting: RHB Juan Vareas
|
0-0: Ball 1-0: SINGLE (Line Drive, 3) Pedro Cruz scores Gonzalo Gil to second Runner from 2nd tries for 3rd, SAFE, no throw
|
Batting: LHB Fernando Ortíz
|
0-0: Foul Ball, location: 2F 0-1: Ball Wild Pitch! Gonzalo Gil scores Juan Vareas to second 1-1: SINGLE (Line Drive, 4D) Juan Vareas to third Runner from 3rd tries for Home, SAFE, throw made home Fernando Ortíz to second
|
Pitching: RHP William Bryant
|
|
Batting: RHB Will Lott
|
0-0: Called Strike 0-1: DOUBLE (Line Drive, 78D) Fernando Ortíz scores
|
Batting: LHB José González
|
0-0: Called Strike 0-1: Called Strike 0-2: Foul Ball, location: 2F 0-2: Ball 1-2: Ball 2-2: Strikes out looking
|
Top of the 4th over - 4 run(s), 5 hit(s), 0 error(s), 1 left on base; Albuquerque 7 - Calgary 3 |
BOTTOM OF THE 4TH |
Calgary Cowboys batting - Pitching for Albuquerque Isotopes : LHP Sean Perry
|
Batting: LHB Freddy Herrera
|
0-0: Ball 1-0: Ball 2-0: Ball 3-0: Called Strike 3-1: Foul Ball, location: 2F 3-2: Foul Ball, location: 2F 3-2: Ground out 1-3 (Groundball, 15S)
|
Batting: RHB Travis Colbert
|
0-0: Foul Ball, location: 2F 0-1: Ball 1-1: Ball 2-1: Ball 3-1: Called Strike 3-2: Base on Balls
|
Batting: RHB Shayne Burry
|
0-0: Called Strike 0-1: Foul Ball, location: 2F 0-2: Ball 1-2: Ball 2-2: Strikes out swinging
|
Batting: RHB Mario Sánchez
|
0-0: Ball Throwing error on steal attempt, E2 Travis Colbert to third 1-0: Ball 2-0: Called Strike 2-1: Foul Ball, location: 2F 2-2: Ground out 6-3 (Groundball, 6)
|
Bottom of the 4th over - 0 run(s), 0 hit(s), 1 error(s), 1 left on base; Albuquerque 7 - Calgary 3 |
TOP OF THE 5TH |
Albuquerque Isotopes batting - Pitching for Calgary Cowboys : RHP William Bryant
|
Batting: RHB Brett Bell
|
0-0: Ball 1-0: Swinging Strike 1-1: Swinging Strike 1-2: Strikes out swinging
|
Batting: LHB Pedro Cruz
|
0-0: Ball 1-0: DOUBLE (Line Drive, 8RD)
|
Batting: RHB Víctor Solano
|
0-0: Called Strike 0-1: Ground out 5-3 (Groundball, 56)
|
Batting: RHB Jesse McKnight
|
0-0: Swinging Strike 0-1: Foul Ball, location: 2F 0-2: Foul Ball, location: 2F 0-2: Ball 1-2: Foul Ball, location: 2F 1-2: Strikes out swinging
|
Top of the 5th over - 0 run(s), 1 hit(s), 0 error(s), 1 left on base; Albuquerque 7 - Calgary 3 |
BOTTOM OF THE 5TH |
Calgary Cowboys batting - Pitching for Albuquerque Isotopes : LHP Sean Perry
|
Batting: RHB César Rodríguez
|
0-0: Ball 1-0: Fly out, F6 (Flyball, 6MD)
|
Batting: LHB Del Kennedy
|
0-0: Ball 1-0: Foul Ball, location: 2F 1-1: Swinging Strike 1-2: DOUBLE (Line Drive, 89D)
|
Pitching: RHP Germán Hernández
|
|
Batting: RHB Dan Wyatt
|
0-0: Ball 1-0: Fly out, F8 (Flyball, 8RM)
|
Batting: LHB Miguel Pérez
|
0-0: Ball 1-0: DOUBLE (Line Drive, 9LS) Del Kennedy scores
|
Batting: RHB Jorge Balencia
|
0-0: SINGLE (Groundball, 34D) Miguel Pérez to third Runner from 3rd tries for Home, SAFE, no throw
|
Batting: LHB Freddy Herrera
|
0-0: Foul Ball, location: 2F 0-1: Called Strike 0-2: 2-RUN HOME RUN (Flyball, 89XD), Distance : 428 ft
|
Pitching: RHP Mike Frank
|
|
Batting: RHB Travis Colbert
|
0-0: Called Strike 0-1: Ball 1-1: Ball 2-1: Foul Ball, location: 2F 2-2: Ball 3-2: Strikes out swinging, 2-3 out at first.
|
Bottom of the 5th over - 4 run(s), 4 hit(s), 0 error(s), 0 left on base; Albuquerque 7 - Calgary 7 |
TOP OF THE 6TH |
Albuquerque Isotopes batting - Pitching for Calgary Cowboys : RHP William Bryant
|
Batting: RHB Gonzalo Gil
|
0-0: TRIPLE (Line Drive, 78S)
|
Batting: RHB Juan Vareas
|
0-0: Called Strike 0-1: Ground out 5-3 (Groundball, 56) Gonzalo Gil scores
|
Batting: LHB Fernando Ortíz
|
0-0: SINGLE (Groundball, 5D)
|
Batting: RHB Will Lott
|
0-0: Ball 1-0: Called Strike 1-1: Ball 2-1: DOUBLE (Line Drive, 7LS) Fernando Ortíz to third
|
Batting: LHB José González
|
0-0: Ball 1-0: Fly out, F7 (Flyball, 7LS) Runner from 3rd tags up, SCORES, no throw
|
Pitching: RHP Lorenzo Montáńez
|
|
Batting: RHB Brett Bell
|
0-0: Foul Ball, location: 2F 0-1: Swinging Strike 0-2: Strikes out looking
|
Top of the 6th over - 2 run(s), 3 hit(s), 0 error(s), 1 left on base; Albuquerque 9 - Calgary 7 |
BOTTOM OF THE 6TH |
Calgary Cowboys batting - Pitching for Albuquerque Isotopes : RHP Mike Frank
|
Batting: RHB Shayne Burry
|
0-0: Foul Ball, location: 2F 0-1: Ball 1-1: Fly out, F9 (Flyball, 9LM)
|
Batting: RHB Mario Sánchez
|
0-0: Ball 1-0: Ball 2-0: Fly out, F8 (Flyball, 89M)
|
Batting: RHB César Rodríguez
|
0-0: Foul Ball, location: 2F 0-1: Ball 1-1: Ground out 1-3 (Groundball, 15S)
|
Bottom of the 6th over - 0 run(s), 0 hit(s), 0 error(s), 0 left on base; Albuquerque 9 - Calgary 7 |
TOP OF THE 7TH |
Albuquerque Isotopes batting - Pitching for Calgary Cowboys : RHP Lorenzo Montáńez
|
Batting: LHB Pedro Cruz
|
0-0: Foul Ball, location: 2F 0-1: Swinging Strike 0-2: Ground out U3 (Groundball, 34)
|
Batting: RHB Víctor Solano
|
0-0: Fly out, F5 (Popup, 56)
|
Batting: RHB Jesse McKnight
|
0-0: Ball 1-0: Swinging Strike 1-1: Swinging Strike 1-2: DOUBLE (Line Drive, 9LD)
|
Batting: RHB Gonzalo Gil
|
0-0: Ball 1-0: Called Strike 1-1: SINGLE (Groundball, 6MS) (infield hit) Jesse McKnight to third
|
Pinch Hitting: RHB Nick Harris
|
0-0: Fielders Choice at 2nd, 4-6 (Groundball, 4)
|
Top of the 7th over - 0 run(s), 2 hit(s), 0 error(s), 1 left on base; Albuquerque 9 - Calgary 7 |
BOTTOM OF THE 7TH |
Calgary Cowboys batting - Pitching for Albuquerque Isotopes : RHP Mike Frank
|
Now in LF: Nick Harris
|
|
Batting: LHB Del Kennedy
|
0-0: Called Strike 0-1: Foul Ball, location: 2F 0-2: Strikes out swinging
|
Batting: RHB Dan Wyatt
|
0-0: Ball 1-0: Ground out 4-3 (Groundball, 4MS)
|
Batting: LHB Miguel Pérez
|
0-0: Fly out, F3 (Popup, 34S)
|
Bottom of the 7th over - 0 run(s), 0 hit(s), 0 error(s), 0 left on base; Albuquerque 9 - Calgary 7 |
TOP OF THE 8TH |
Albuquerque Isotopes batting - Pitching for Calgary Cowboys : RHP Lorenzo Montáńez
|
Batting: LHB Fernando Ortíz
|
0-0: Ball 1-0: Foul Ball, location: 2F 1-1: Foul Ball, location: 2F 1-2: Foul Ball, location: 2F 1-2: Strikes out looking
|
Batting: RHB Will Lott
|
0-0: Ball 1-0: Ground out 5-3 (Groundball, 56)
|
Batting: LHB José González
|
0-0: Ball 1-0: Called Strike 1-1: Ball 2-1: Ball 3-1: Swinging Strike 3-2: Foul Ball, location: 2F 3-2: Fly out, F8 (Flyball, 8RD)
|
Top of the 8th over - 0 run(s), 0 hit(s), 0 error(s), 0 left on base; Albuquerque 9 - Calgary 7 |
BOTTOM OF THE 8TH |
Calgary Cowboys batting - Pitching for Albuquerque Isotopes : RHP Mike Frank
|
Batting: RHB Jorge Balencia
|
0-0: Ball 1-0: Ground out 5-3 (Groundball, 56S)
|
Batting: LHB Freddy Herrera
|
0-0: Ball 1-0: DOUBLE (Groundball, 5L)
|
Pitching: RHP Ron Crawford
|
|
Batting: RHB Travis Colbert
|
0-0: Ball 1-0: SINGLE (Line Drive, 3D) Freddy Herrera to third
|
Batting: RHB Shayne Burry
|
0-0: DOUBLE (Line Drive, 7) Freddy Herrera scores Travis Colbert to third Runner from 3rd tries for Home, SAFE, no throw
|
Pinch Hitting: RHB Tom Rowe
|
0-0: Intentional Walk
|
Pinch Hitting: SHB Juan Acevado
|
0-0: Called Strike 0-1: Foul Ball, location: 2F 0-2: Ball 1-2: Ball 2-2: Strikes out looking
|
Batting: LHB Del Kennedy
|
0-0: Ball 1-0: Ball 2-0: Foul Ball, location: 2F 2-1: Swinging Strike 2-2: Fielders Choice at 2nd, 4-6 (Groundball, 4)
|
Bottom of the 8th over - 2 run(s), 3 hit(s), 0 error(s), 1 left on base; Albuquerque 9 - Calgary 9 |
TOP OF THE 9TH |
Albuquerque Isotopes batting - Pitching for Calgary Cowboys : RHP Lorenzo Montáńez
|
Pitching: RHP Paul Barton
|
|
Now at 3B: Juan Acevado
|
|
Pinch Hitting: SHB Clint Woods
|
0-0: Ball
|
Now at SS: Tom Rowe
|
1-0: Ball 2-0: Ball 3-0: Base on Balls
|
Batting: LHB Pedro Cruz
|
0-0: Bunt missed! 0-1: Sac Bunt - play at first, batter OUT! 1-4 Clint Woods to second
|
Pinch Hitting: LHB Juan Carlos Sánchez
|
0-0: Foul Ball, location: 2F 0-1: Ball 1-1: Foul Ball, location: 2F 1-2: Foul Ball, location: 2F 1-2: Strikes out swinging
|
Batting: RHB Jesse McKnight
|
0-0: Called Strike 0-1: Foul Ball, location: 2F 0-2: Strikes out swinging
|
Top of the 9th over - 0 run(s), 0 hit(s), 0 error(s), 1 left on base; Albuquerque 9 - Calgary 9 |
|